 Dungeon Crawl Stone Soup version 0.30-a0-123-g91d0c66ccf (webtiles) character file.

Game seed: 10568285232625317774

10334 Zonian the Fanfare of Bloodshed (level 11, -5/102 HPs)
             Began as a Demonspawn Ice Elementalist on Sept 17, 2022.
             Was a Believer of Makhleb.
             Slain by a vampire (9 damage)
             ... on level 12 of the Dungeon.
             The game lasted 00:41:13 (19899 turns).

Zonian the Fanfare of Bloodshed (DsIE)             Turns: 19899, Time: 00:41:14

Health: -5/102     AC: 37    Str: 14    XL:     11   Next: 34%
Magic:  18/18      EV:  2    Int: 19    God:    Makhleb [**....]
Gold:   524        SH:  0    Dex: 16    Spells: 9/16 levels left

rFire   + . .      SeeInvis .    m - +4 short sword (flame)
rCold   + . .      Faith    .    I - +1 buckler
rNeg    . . .      Spirit   .    (body armour currently unavailable)
rPois   +          Reflect  +    (helmet currently unavailable)
rElec   +          Harm     .    (cloak currently unavailable)
rCorr   +          Rampage  .    (gloves currently unavailable)
Will    .....      NoTele   +    (boots currently unavailable)
Stlth   ++........               H - amulet of reflection
HPRegen 0.27/turn                y - +6 ring of strength
MPRegen 0.32/turn                j - +4 ring of protection

@: confused, mighty, agile, ice-armoured (expiring), tree-form, resistant,
hasted, invisible, very quick
A: stationary, stasis, torment immunity, boosted hp, (hooves 1), (thin metallic
scales 3), powered by pain 2, magic regeneration
a: Renounce Religion, Minor Destruction


You were on level 12 of the Dungeon.
You worshipped Makhleb.
Makhleb was pleased with you.
You were a tree.
You visited 2 branches of the dungeon, and saw 13 of its levels.

You collected 563 gold pieces.
You spent 39 gold pieces at shops.

Inventory:

Hand Weapons
 d - a +5 hand axe of freezing
 g - a +0 short sword
 k - a +0 long sword
 l - a +0 dagger
 m - a +4 short sword of flaming (weapon)
 q - a +0 rapier
 D - a +0 vorpal sling
 E - a +4 flail
 L - a +2 falchion
Missiles
 v - 4 javelins
 O - 3 poisoned darts
Armour
 a - a +1 robe
 o - +0 storm dragon scales
 t - a +0 scale mail
 x - a +0 kite shield
 F - a +2 scale mail of fire resistance
 I - a +1 buckler (worn)
 J - a +0 cloak
 N - a +0 troll leather armour (melded)
Jewellery
 j - a +4 ring of protection (right branch)
 y - a +6 ring of strength (left branch)
 H - an amulet of reflection (around neck)
Wands
 s - a wand of polymorph (8)
 w - a wand of roots (5)
 z - a wand of flame (29)
Scrolls
 C - a scroll of amnesia
 P - a scroll of fog
Potions
 b - a potion of magic
 c - a potion of might
 e - 2 potions of mutation
 f - a potion of cancellation
 h - 4 potions of brilliance
 n - 2 potions of resistance
 p - a potion of haste
 B - 2 potions of attraction
 Q - a potion of lignification


   Skills:
 - Level 8.1 Dodging
 + Level 9.5 Stealth
 + Level 2.5 Shields
 - Level 3.0 Spellcasting
 + Level 9.3 Ice Magic
 + Level 10.2 Invocations


You had 9 spell levels left.
You knew the following spells:

 Your Spells              Type           Power      Damage    Failure   Level
a - Freeze                Ice            100%       1d11      1%          1
b - Frozen Ramparts       Ice            76%        1d12      1%          3
c - Ozocubu's Armour      Ice            38%        N/A       1%          3

Your spell library contained the following spells:

 Spells                   Type           Power      Damage    Failure   Level
 Apportation              Tloc           4%         N/A       21%         1
 Summon Small Mammal      Summ           8%         N/A       21%         1
 Hailstorm                Conj/Ice       20%        3d6       28%         4
 Static Discharge         Conj/Air       4%         2-3/arc   30%         2
 Call Canine Familiar     Summ           2%         N/A       52%         3
 Kindle Blastsparks       Fire/Tloc/Air  4%         2d10      52%         3
 Summon Guardian Golem    Hex/Summ       2%         N/A       52%         3
 Fulminant Prism          Conj/Hex       1%         3d6       89%         4
 Iskenderun's Mystic Bla  Conj/Tloc      2%         2d3       89%         4
 Alistair's Intoxication  Tmut/Pois      1%         N/A       99%         5
 Arcjolt                  Conj/Air       1%         1d11      99%         5
 Lee's Rapid Deconstruct  Erth           1%         3d5*      99%         5
 Lightning Bolt           Conj/Air       1%         1d12      99%         5
 Orb of Destruction       Conj           1%         9d5       100%        7
 Spellforged Servitor     Conj/Summ      1%         N/A       100%        7
 Maxwell's Capacitive Co  Air            1%         ∞         100%        8


Dungeon Overview and Level Annotations

Branches:
Dungeon (13/15)            Temple (1/1) D:6            Lair (0/5) D:10
    Orc: D:9-12      Vaults: D:13-14

Altars:
Ashenzari
Dithmenos
Fedhas
Hepliaklqana
Makhleb
Nemelex Xobeh
Okawaru
Ru
Sif Muna
Uskayaw
Vehumet
Wu Jian
Xom

Shops:
D:6 :   D:12 *

Annotations:
D:3 1 runed translucent door, Crazy Yiuf
D:5 Duvessa


Innate Abilities, Weirdness & Mutations

You are a tree.
Your roots penetrate the ground, keeping you stationary.
You cannot be teleported.
You are immune to unholy pain and torment.
Your maximum health is greatly increased.
Your equipment is partially melded.
((You have large cloven feet.))
((You are completely covered in thin metallic scales. (AC +4, rElec)))
You sometimes gain power by taking damage.
You regenerate magic rapidly.


Message History

* * * LOW HITPOINT WARNING * * *
Something hits you but does no damage. Something bites you but does no damage.
It was a potion of invisibility.
You fade into invisibility!
The wraith completely misses you.
Unknown command.
Okay, then.
You feel protected.
The slime creature hits you but does no damage.
Something completely misses you. Something bites you but does no damage.
You feel very mighty all of a sudden.
Your icy armour starts to melt.
A titanic slime creature splits.
The wraith hits you but does no damage.
The slime creature hits you but does no damage.
Two slime creatures merge to form an enormous slime creature.
A very large slime creature splits.
Something hits you.
* * * LOW HITPOINT WARNING * * *
Something bites you but does no damage.
Okay, then.
You are too confused!
You puncture the wraith! You burn the wraith.
The wraith is almost destroyed.
The wraith hits you but does no damage.
You swing at nothing.
The slime creature quivers.
The slime creature hits you but does no damage.
A large slime creature splits.
Something hits you but does no damage. Something bites you but does no damage.
The slime creature quivers.
You hit the slime creature. You burn the slime creature.
The slime creature is lightly wounded.
The wraith hits you but does no damage.
The slime creature hits you but does no damage.
You attack the rock wall.
Something hits you but does no damage. Something bites you but does no damage.
The wraith barely misses you.
The slime creature quivers.
You puncture the slime creature! You burn the slime creature.
The slime creature is heavily wounded.
The slime creature hits you but does no damage.
Something completely misses you. Something bites you!
You die...

#.....# #.....#
#.....# ######.....#
....... ...........#
....... ..........#
.......######......##
.....#....#......#
....#♣J..#......#
#..#{W..#......#
#..#J####...####
#..J)J......#
#..JJ.......#
#########...# #####


You could see an enormous slime creature (unable to see you), 5 slime creatures
and a wraith.

Vanquished Creatures
  A centaur warrior (D:12)
  A two-headed ogre (D:10)
  2 cyclopes
  A manticore (shapeshifter) (D:12)
  A gargoyle (D:12)
  An unseen horror (D:13)
  An unseen horror zombie (D:9)
  4 trolls
  A wind drake (shapeshifter) (D:12)
  A meliai (D:12)
  4 slime creatures (D:12)
  2 shadows
  6 yaks (D:12)
  A steam dragon (D:8)
  Menkaure (D:5)
  2 water moccasins
  A black bear (D:6)
  2 sky beasts
  An ogre (D:5)
  An ice beast (D:4)
  2 orc warriors
  A tengu (D:7)
  8 centaurs
  A kobold brigand (D:7)
  4 bullfrogs
  A necrophage (D:8)
  A gnoll sergeant (D:7)
  3 scorpions
  5 wights
  A centaur zombie (D:9)
  A jelly (D:4)
  2 hounds
  9 orc priests
  2 gnoll boudas
  3 iguanas
  Ijyb (D:5)
  7 orc wizards
  Natasha (thrice) (D:2)
  A howler monkey zombie (D:9)
  17 gnolls
  2 river rats (D:6)
  8 adders
  A shadow imp (D:6)
  5 worms
  3 dart slugs
  19 orcs
  5 ball pythons
  3 endoplasms
  A giant cockroach (D:4)
  5 goblins
  7 hobgoblins
  2 jackals (D:1)
  6 quokkas
  11 bats
  2 frilled lizards
  11 kobolds
  7 rats
206 creatures vanquished.

Vanquished Creatures (collateral kills)
  2 wights (D:8)
  A ball python (D:4)
3 creatures vanquished.

Vanquished Creatures (others)
  An unseen horror (D:12)
  A bush (D:6)
2 creatures vanquished.

Grand Total: 211 creatures vanquished

Notes
Turn   | Place    | Note
-------+----------+-------------------------------------------
     0 | D:1      | Zonian the Demonspawn Ice Elementalist began the quest for
                  | the Orb.
     0 | D:1      | Reached XP level 1. HP: 13/13 MP: 3/3
   729 | D:1      | Gained mutation: You regenerate magic rapidly. [demonic
                  | ancestry]
   729 | D:1      | Reached XP level 2. HP: 13/19 MP: 0/5
  2773 | D:1      | Gained mutation: You sometimes gain a little power by
                  | taking damage. [demonic ancestry]
  2773 | D:1      | Reached XP level 3. HP: 24/24 MP: 2/6
  3538 | D:2      | Found an ornate altar of the Wu Jian Council.
  4716 | D:2      | Reached XP level 4. HP: 21/30 MP: 3/7
  5003 | D:2      | Noticed Natasha
  5011 | D:2      | Killed Natasha
  5411 | D:2      | Noticed Natasha
  5414 | D:2      | Killed Natasha
  6002 | D:2      | Noticed Natasha
  6013 | D:2      | Killed Natasha
  6014 | D:2      | Gained mutation: You have large cloven feet. [demonic
                  | ancestry]
  6014 | D:2      | Reached XP level 5. HP: 25/35 MP: 7/9
  6319 | D:3      | Found a faded altar of an unknown god.
  6345 | D:3      | Found a runed translucent door.
  6346 | D:3      | Noticed Crazy Yiuf
  6499 | D:3      | Found a hide-covered altar of Uskayaw.
  6857 | D:4      | Noticed an ice beast
  7134 | D:4      | Learned a level 3 spell: Frozen Ramparts
  7138 | D:4      | Learned a level 3 spell: Ozocubu's Armour
  7858 | D:4      | Killed an ice beast
  7859 | D:4      | Gained mutation: You are partially covered in thin metallic
                  | scales. (AC +2) [demonic ancestry]
  7859 | D:4      | Reached XP level 6. HP: 25/41 MP: 10/10
  8478 | D:5      | Entered Level 5 of the Dungeon
  8803 | D:5      | Reached skill level 5 in Ice Magic
  8972 | D:5      | Noticed Menkaure
  8982 | D:5      | Killed Menkaure
  8983 | D:5      | Gained mutation: You are mostly covered in thin metallic
                  | scales. (AC +3) [demonic ancestry]
  8983 | D:5      | Reached XP level 7. HP: 26/46 MP: 11/11
  9921 | D:5      | Noticed Ijyb
  9935 | D:5      | Killed Ijyb
 10393 | D:5      | Noticed Duvessa
 10806 | D:5      | Reached skill level 5 in Stealth
 10994 | D:6      | Found a staircase to the Ecumenical Temple.
 11020 | Temple   | Entered the Ecumenical Temple
 11030 | Temple   | Became a worshipper of Makhleb the Destroyer
 11103 | D:6      | Reached skill level 1 in Invocations
 11124 | D:6      | Gained mutation: You sometimes gain power by taking damage.
                  | [demonic ancestry]
 11124 | D:6      | Reached XP level 8. HP: 20/52 MP: 9/12
 11241 | D:6      | Reached skill level 2 in Invocations
 11319 | D:6      | Found Ofuosakk's Tremendous Tomes.
 11352 | D:6      | Reached skill level 5 in Dodging
 11670 | D:6      | Reached skill level 3 in Invocations
 13000 | D:7      | Reached skill level 4 in Invocations
 13507 | D:7      | Reached * piety under Makhleb
 13586 | D:7      | Noticed Joseph
 13603 | D:7      | Noticed Joseph
 13603 | D:7      | Joseph changed into Joseph the tengu
 13611 | D:7      | Killed Joseph the tengu
 13612 | D:7      | Reached XP level 9. HP: 28/57 MP: 9/13
 13724 | D:7      | Reached skill level 5 in Invocations
 15620 | D:8      | Reached skill level 6 in Invocations
 16381 | D:8      | HP: 2/57 [orc priest/divine providence (9)]
 17155 | D:9      | Reached skill level 7 in Invocations
 17589 | D:9      | Reached XP level 10. HP: 44/63 MP: 12/15
 17776 | D:9      | Noticed a gargoyle
 18656 | D:10     | Entered Level 10 of the Dungeon
 18656 | D:10     | Noticed a two-headed ogre
 18668 | D:10     | Killed a two-headed ogre
 18669 | D:10     | Reached skill level 8 in Invocations
 18970 | D:10     | Found a staircase to the Lair.
 19231 | D:10     | Found a hazy altar of Hepliaklqana.
 19232 | D:10     | Found a shimmering altar of Xom.
 19264 | D:10     | You fall into a shaft and drop 3 floors!
 19324 | D:13     | Noticed a cyclops
 19332 | D:13     | Killed a cyclops
 19402 | D:13     | Reached ** piety under Makhleb
 19494 | D:12     | Noticed a cyclops
 19505 | D:12     | Killed a cyclops
 19506 | D:12     | Reached skill level 9 in Invocations
 19718 | D:12     | Noticed an angel
 19733 | D:12     | Found Suem's Hallowed Reliquary.
 19738 | D:12     | Bought a potion of curing for 39 gold pieces
 19821 | D:12     | Noticed a centaur warrior
 19825 | D:12     | Noticed a manticore
 19825 | D:12     | a culicivora changed into a manticore
 19829 | D:12     | Noticed a gargoyle
 19836 | D:12     | Killed a centaur warrior
 19837 | D:12     | Reached skill level 1 in Shields
 19837 | D:12     | Gained mutation: You are completely covered in thin
                  | metallic scales. (AC +4, rElec) [demonic ancestry]
 19837 | D:12     | Reached XP level 11. HP: 30/68 MP: 15/18
 19846 | D:12     | Reached skill level 10 in Invocations
 19894 | D:12     | HP: 3/102 [something (3)]
 19899 | D:12     | Slain by a vampire

Illustrated notes

Levels and vault maps discovered:
D:1:      elethiomel_arrival_infinity_welcomes_careful_drivers, layout_rooms,
          serial_curves, eino_curves_03, eino_curves_01, kennysheep_another_room
D:2:      layout_basic, basic_altar, uniq_natasha
D:3:      layout_basic, nicolae_uskayaw_dance_hall, basic_ecumenical_altar,
          minivault_14, uniq_crazy_yiuf_cottage
D:4:      layout_loops_ring, chequers_serial_rivers_micro_d
D:5:      layout_basic, nicolae_concentric_dashed_squares_mild,
          serial_bayou_pond_d, chequers_serial_rivers_room_a, minmay_hedge_maze,
          chequers_serial_rivers_micro_b, uniq_menkaure, uniq_duvessa,
          uniq_ijyb, uniq_blork_the_orc
D:6:      layout_cave_pools, minmay_temple_entry_sparse_star,
          portal_sewer_entry_e, nicolae_shop_i_like_big_books,
          minmay_misc_feat_encased, kb_lookout_dungeons_type, grunt_decor_cap,
          kennysheep_generic_room_3
D:7:      layout_basic, uniq_joseph
D:8:      layout_rooms, kennysheep_generic_room_6
D:9:      layout_irregular_city, serial_undead, serial_undead_e,
          serial_undead_d, serial_undead_d, serial_undead_c, enter_bailey_8,
          abandoned_shop
D:10:     kennysheep_spiral_hall, layout_basic, regret_index_temple_of_mockery,
          dpeg_oklobed_lair, serial_shops, shop_statue, nrook_mini_backslash,
          grunt_ministairs_9
D:12:     nzn_winding_woodlands_small [nzn_winding_woodlands_5x15_pool,
          nzn_winding_woodlands_center_triple_pond,
          nzn_winding_woodlands_5x15_river_crossing], layout_irregular_city,
          nicolae_kite_square_tiling_tiny, grunt_ministairs_11,
          nicolae_good_shop
D:13:     layout_loops_ring, david_vaults_4, uniq_erolcha
Temple:   nicolae_temple_bog_church

Skill      XL: |  1  2  3  4  5  6  7  8  9 10 11 |
---------------+----------------------------------+-----
Stealth        | 2 3 4 5 6 7 9 |  9.5
Dodging        | 2 3 4 5 7 8 |  8.1
Ice Magic      | 4 5 6 7 9 |  9.3
Spellcasting   | 3 |  3.0
Invocations    | 1 4 7 9 10 | 10.2
Shields        | 1 2 |  2.5

Action                   |  1- 3 |  4- 6 |  7- 9 | 10-12 || total
-------------------------+-------+-------+-------+-------++-------
Melee: Short sword       |    30 |    47 |   312 |   128 ||   517
       Whip              |    12 |       |       |       ||    12
       Kick              |       |    10 |    95 |    50 ||   155
       Punch             |       |       |     1 |       ||     1
 Fire: Sling             |       |       |     4 |       ||     4
Throw: Throwing net      |       |       |       |     1 ||     1
 Cast: Freeze            |    48 |    59 |    62 |     1 ||   170
       Frozen Ramparts   |       |       |    17 |    13 ||    30
       Ozocubu's Armour  |       |       |     6 |     7 ||    13
Evoke: Wand              |       |     5 |     3 |     9 ||    17
  Use: Scroll            |     1 |     9 |     9 |     6 ||    25
       Potion            |       |       |     4 |    12 ||    16
 Stab: Sleeping          |     4 |     5 |     6 |     3 ||    18
       Distracted        |       |       |     1 |       ||     1
       Held in net/web   |       |       |       |     1 ||     1
Armor: Robe              |    11 |    25 |    84 |    13 ||   133
       Troll leather arm |       |       |       |    62 ||    62
       Skin              |       |       |       |    28 ||    28
Dodge: Dodged            |    48 |    55 |   179 |   124 ||   406
Block: Buckler           |       |       |   101 |   103 ||   204
       Other             |       |       |     6 |       ||     6
       Reflection        |       |       |     6 |     3 ||     9

Table legend: (Time is in decaauts)
 A = Elapsed time spent in this place.
 B = Non-inter-level travel time spent in this place.
 C = Inter-level travel time spent in this place.
 D = Time resting spent in this place.
 E = Time spent auto-exploring this place.
 F = Levels seen in this place.
 G = Mean time per level.
                   A        B        C        D        E       F      G
               +--------+--------+--------+--------+--------+-----+--------+
         Total |  19894 |  19604 |    290 |  11387 |   5075 |  13 | 1530.3 |
       Dungeon |  19876 |  19586 |    290 |  11387 |   5075 |  12 | 1656.3 |
        Temple |     17 |     17 |      0 |      0 |      0 |   1 |   17.0 |
               +--------+--------+--------+--------+--------+-----+--------+

Top non-repeatable levels by time:
     D:1: 3379 daAuts
     D:2: 2931 daAuts
     D:7: 2584 daAuts
     D:5: 2507 daAuts
     D:8: 1947 daAuts
     D:4: 1648 daAuts
     D:9: 1630 daAuts
     D:6: 1505 daAuts
    D:10: 607 daAuts
     D:3: 518 daAuts
    D:12: 435 daAuts
    D:13: 181 daAuts
  Temple: 17 daAuts
